[Event "*** SCC Grand Prix: Titled Tuesday Blitz"]
[Site "Chess.com"]
[Date "2020.07.07"]
[Round "6"]
[White "Salem-AR"]
[Black "GMNickPert"]
[Result "1-0"]
[WhiteElo "2921"]
[BlackElo "2639"]
[TimeControl "180+1"]
[EndTime "11:05:40 PDT"]
[Termination "Salem-AR won by resignation"]

1. d4 e6 2. c4 f5 3. g3 Nf6 4.
Bg2 Be7 5. Nc3 O-O 6. Nf3 d6 7. O-O Ne4 8. Qc2 Nxc3 9. Qxc3 a5 10. Re1 Nc6 11. e4 e5 12. d5 Nb4 13. a3 fxe4 14.
Rxe4 Bf5 15. Nd2 Bxe4 16. Nxe4 Na6 17. Be3 Nc5 18. Bxc5 dxc5 19. Bh3 Bd6 20. Be6+ Kh8 21. h4 h6 22. Qd3 Qe7 23. Kg2 Rae8 24. Rh1 g6 25. Qd2 Qg7 26. Qxa5 b6 27. Qd2 Re7 28. b4 Ree8 29. Re1 Ra8 30. Re3 Ra4 31. Qc2 Rfa8 32. Rf3 Rxa3 33. Rf7 Qg8 34. Nf6 Ra2 35. Qc1 Qxf7 36.
Qxh6+ 1-0

[Event "*** SCC Grand Prix: Titled Tuesday Blitz"]
[Site "Chess.com"]
[Date "2020.07.07"]
[Round "6"]
[White "fabianvivasz"]
[Black "gagtemp"]
[Result "0-1"]
[WhiteElo "2246"]
[BlackElo "1910"]
[TimeControl "180+1"]
[EndTime "11:05:40 PDT"]
[Termination "gagtemp won on time"]

1. e4 d5 2. exd5 Qxd5 3. Nc3 Qd6 4. d4 Nf6 5. g3 a6 6. Bg2 Nc6 7. Bf4 Qd7 8. Nge2 e6 9. O-O Bd6 10. d5 exd5 11. Nxd5 Nxd5 12. Qxd5 Bxf4 13. Nxf4 O-O 14. Rad1 Qf5 15. Be4 Qxd5 16. Nxd5 Bh3 17. Rfe1 Rac8 18. Ne3 Rfd8 19. g4 h5 20. f3 hxg4 21. fxg4 Rxd1 22. Rxd1 Ne5 23. Bf5 Re8 24. Kf2 g6 25. Kg3 gxf5 26. Kxh3 fxg4+ 27. Nxg4 Nxg4 28. Kxg4 Re2 29. c3 Rxb2 30. Rd7 Rxh2 31. Rxc7 Rb2 32. a4 Kg7 33. Kf5 Rb3 0-1

[Event "*** SCC Grand Prix: Titled Tuesday Blitz"]
[Site "Chess.com"]
[Date "2020.07.07"]
[Round "6"]
[White "Sofiia_Hryzlova"]
[Black "Zarinur"]
[Result "1-0"]
[WhiteElo "2122"]
[BlackElo "2005"]
[TimeControl "180+1"]
[EndTime "11:05:40 PDT"]
[Termination "Sofiia_Hryzlova won on time"]

1. c4 e5 2. g3 c6 3. Nf3 e4 4. Nd4 d5 5. cxd5 cxd5 6. Bg2 Nc6 7. Nxc6 bxc6 8. O-O Nf6 9. d3 exd3 10. Qxd3 Be7 11.
Nc3 O-O 12. Be3 Be6 13. Na4 Qd7 14. Rac1 Rab8 15. b3 Bf5 16. Qd4 Rfc8 17. Qxa7 Qxa7 18. Bxa7 Rb7 19. Bc5 Bxc5 20. Rxc5 Nd7 21. Rc3 Be6 22. Rfc1 Rbc7 23. Nc5 Nxc5 24. Rxc5 Kf8 25. Kf1 Ke7 26.
e3 Kd6 27. Ke2 Ra7 28. R5c2 Ra6 29. b4 Rca8 30. Ra1 Rb6 31. Rb2 Ra4 32. a3 Rba6 33.
Rba2 Ke5 34. Kd3 Kf6 35. h3 1-0

[Event "*** SCC Grand Prix: Titled Tuesday Blitz"]
[Site "Chess.com"]
[Date "2020.07.07"]
[Round "6"]
[White "Chernobay_Artem"]
[Black "VerdeNotte"]
[Result "1-0"]
[WhiteElo "2624"]
[BlackElo "2765"]
[TimeControl "180+1"]
[EndTime "11:05:41 PDT"]
[Termination "Chernobay_Artem won by checkmate"]

1. d4 g6 2. c4 Nf6 3. Nc3 Bg7 4. e4 O-O 5. Nf3 d6 6. Be2 Nbd7 7. O-O e5 8. Be3 Qe7 9. Qc2 c6 10. Rad1 h6 11. h3 exd4 12. Nxd4 Nc5 13. Bf3 Re8 14.
Rfe1 a5 15. Bf4 Nfd7 16. Qd2 Ne5 17. Be2 Kh7 18. Bg3 h5 19. f4 Ned7 20. Bf3 Bh6 21. Qf2 Qf6 22. Nde2 Re6 23. Bh4 g5 24. e5 dxe5 25.
Ne4 Nxe4 26. Bxe4+ Kg7 27. fxg5 Bxg5 28. Qg3 Kh6 29.
Rf1 Bxh4 30. Rxf6+ Bxf6 31. Qg8 Nc5 32. Qh7+ Kg5 33.
Ng3 Kf4 34. Qf5+ Kxg3 35. Qf2# 1-0

[Event "*** SCC Grand Prix: Titled Tuesday Blitz"]
[Site "Chess.com"]
[Date "2020.07.07"]
[Round "6"]
[White "goofypenguin96"]
[Black "AldokhinIvan"]
[Result "0-1"]
[WhiteElo "2390"]
[BlackElo "2525"]
[TimeControl "180+1"]
[EndTime "11:05:41 PDT"]
[Termination "AldokhinIvan won on time"]

1. e4 c5 2. Nf3 e6 3. c3 Nf6 4. e5 Nd5 5. d4 cxd4 6. cxd4 d6 7. exd6 Bxd6 8. Nc3 Nc6 9. Nxd5 exd5 10. Be2 O-O 11. O-O Bg4 12. h3 Bh5 13. b3 Qf6 14.
Bb2 Rfe8 15. Qd3 Re4 16. Rae1 Rae8 17. Qd1 Bb4 18. Ne5 Bg6 19. Bf3 Rxe1 20. Rxe1 Bxe1 21. Qxe1 Nxe5 22. dxe5 Qc6 23. Qa5 Be4 24. Bxe4 dxe4 25. Qxa7 Rd8 26. Kh2 h6 27. Qa5 Qd5 28. Qb4 Qd2 29.
Qb6 Rd3 30. Ba3 Qf4+ 31. g3 Qf3 32. Bd6 Rd1 33. Qd8+ Kh7 0-1

[Event "*** SCC Grand Prix: Titled Tuesday Blitz"]
[Site "Chess.com"]
[Date "2020.07.07"]
[Round "6"]
[White "BeanScreen"]
[Black "margarita_2703"]
[Result "1-0"]
[WhiteElo "2578"]
[BlackElo "2393"]
[TimeControl "180+1"]
[EndTime "11:05:42 PDT"]
[Termination "BeanScreen won by resignation"]

1. e4 Nf6 2. e5 Nd5 3. d4 d6 4.
Nf3 g6 5. Bc4 Nb6 6. Bb3 Bg7 7.
exd6 cxd6 8. O-O O-O 9. Re1 Nc6 10. c3 e5 11. Bg5 Bf6 12. Bh6 Re8 13. dxe5 dxe5 14. Nbd2 Bg4 15. Ne4 Bg7 16. Bg5 Qc7 17.
Nf6+ Bxf6 18. Bxf6 Nd7 19. Bh4 Nc5 20. h3 Nxb3 21. axb3 Bf5 22. Qd2 Kg7 23. Bg5 f6 24. Bh6+ Kg8 25. Nh4 Be6 26. Qd3 Rad8 27. Qg3 Qf7 28. b4 Ne7 29. Rxa7 Nf5 30. Nxf5 Bxf5 31. Be3 Qd5 32. Rea1 Rd7 33. Qh4 Qc6 34. Ra8 Rdd8 35. Rxd8 Rxd8 36. Bc5 Kg7 37. Kh2 e4 38. Bd4 Rxd4 39.
cxd4 Qd6+ 40. Qg3 Qxd4 41. Rc1 Qxb4 42. Rc7+ Kf8 43. Rxh7 Qxb2 44. Qb8+ 1-0

[Event "*** SCC Grand Prix: Titled Tuesday Blitz"]
[Site "Chess.com"]
[Date "2020.07.07"]
[Round "6"]
[White "killer311"]
[Black "aljado"]
[Result "1/2-1/2"]
[WhiteElo "2381"]
[BlackElo "2127"]
[TimeControl "180+1"]
[EndTime "11:05:44 PDT"]
[Termination "Game drawn by repetition"]

1. d4 Nf6 2. c4 g6 3. g3 d5 4. Bg2 Bg7 5. Nf3 O-O 6. O-O c6 7. b3 Bg4 8. Ne5 Be6 9. Bb2 Nbd7 10. cxd5 Bxd5 11. Nf3 Nb6 12. Nc3 Rc8 13. Nxd5 cxd5 14. Ne5 e6 15. Qd3 Nbd7 16. Rac1 Nxe5 17. dxe5 Nd7 18.
f4 Qa5 19. a4 Rc6 20. e4 Nb6 21. exd5 Nxd5 22. Bxd5 exd5 23. Rfd1 Rxc1 24. Bxc1 Rc8 25. Ba3 Bf8 26. Bxf8 Kxf8 27. Qxd5 Qb6+ 28. Kg2 Rc2+ 29. Kh3 Qf2 30. Qd8+ Kg7 31. Qf6+ Kh6 32. Qh4+ Kg7 33. Qf6+ Kh6 34. Qg5+ Kg7 35. Qf6+ 1/2-1/2

[Event "*** SCC Grand Prix: Titled Tuesday Blitz"]
[Site "Chess.com"]
[Date "2020.07.07"]
[Round "6"]
[White "ammarzooqi"]
[Black "ambaixador"]
[Result "1-0"]
[WhiteElo "2187"]
[BlackElo "2316"]
[TimeControl "180+1"]
[EndTime "11:05:44 PDT"]
[Termination "ammarzooqi won by checkmate"]

1. e4 c6 2. c4 d5 3. cxd5 cxd5 4.
exd5 Nf6 5. Nc3 Nxd5 6. Bc4 e6 7.
Nf3 Nc6 8. O-O Be7 9. d4 O-O 10. Re1 Nxc3 11. bxc3 b6 12. Bd3 Bb7 13. Bf4 Bd6 14. Bg5 Qc7 15. Qe2 Ne7 16. Rac1 Nd5 17. Ne5 f6 18. c4 Nb4 19. Bxh7+ Kxh7 20. Qh5+ Kg8 21. Ng6 fxg5 22. Rxe6 Rf6 23. Rxf6 gxf6 24. Qh8+ Kf7 25. Qh7+ Ke6 26. Re1+ Kf5 27. Ne7+ Kf4 28. Qf5# 1-0

[Event "*** SCC Grand Prix: Titled Tuesday Blitz"]
[Site "Chess.com"]
[Date "2020.07.07"]
[Round "6"]
[White "NormWeinstein"]
[Black "wild_cat99"]
[Result "0-1"]
[WhiteElo "2447"]
[BlackElo "2602"]
[TimeControl "180+1"]
[EndTime "11:05:45 PDT"]
[Termination "wild_cat99 won on time"]

1. e4 c5 2. Nf3 d6 3. Nc3 Nf6 4. e5 dxe5 5. Nxe5 e6 6. g3 Bd6 7.
Nc4 Bc7 8. Bg2 O-O 9. d3 Bd7 10. Bxb7 Bc6 11. Bxc6 Nxc6 12. O-O Nd4 13. Be3 Nd5 14.
Nxd5 Qxd5 15. Bxd4 cxd4 16. Re1 Rab8 17. Qe2 Ba5 18.
Rf1 Rfc8 19. f4 g6 20. Qf3 Qxf3 21. Rxf3 Rxc4 22. dxc4 Rxb2 23. a3 Rxc2 24. Rd3 Bc3 25. Rb1 Ba5 26. Rb5 Bb6 27. a4 Rc3 28. Rd1 Rxc4 29. a5 Bc5 30. Kg2 Rc2+ 31. Kf3 f5 32. Rd3 g5 33. h3 h5 34. fxg5 e5 35. Rdb3 e4+ 36. Kf4 e3 37. Kxf5 Rf2+ 38. Kg6 e2 39. Rb8+ Rf8 40. R3b7 Rxb8 41. Rxb8+ Bf8 42. Re8 d3 0-1

[Event "*** SCC Grand Prix: Titled Tuesday Blitz"]
[Site "Chess.com"]
[Date "2020.07.07"]
[Round "6"]
[White "silverback96"]
[Black "bugsbunny444"]
[Result "0-1"]
[WhiteElo "2248"]
[BlackElo "2493"]
[TimeControl "180+1"]
[EndTime "11:05:45 PDT"]
[Termination "bugsbunny444 won by checkmate"]

1. e4 c5 2. Nf3 e6 3. d4 cxd4 4. Nxd4 a6 5. Nc3 Qc7 6. Bd3 Nf6 7. f4 d6 8. Qe2 Nbd7 9. g4 g6 10. g5 Nh5 11. Rf1 Bg7 12. Be3 b5 13. f5 b4 14.
Nd5 exd5 15. e5 Bxe5 16. fxg6 hxg6 17. Qf3 Nb6 18. Nb5 axb5 19. Bxb5+ Kf8 20. Bxb6 Qe7 21.
Bd8 Qe6 22. O-O-O Rxa2 23. Kb1 Rxb2+ 24. Kc1 Ra2 25. Kb1 Ra1# 0-1

[Event "*** SCC Grand Prix: Titled Tuesday Blitz"]
[Site "Chess.com"]
[Date "2020.07.07"]
[Round "6"]
[White "allvim"]
[Black "ARMQUEEN"]
[Result "0-1"]
[WhiteElo "2266"]
[BlackElo "2424"]
[TimeControl "180+1"]
[EndTime "11:05:46 PDT"]
[Termination "ARMQUEEN won by checkmate"]

1. e4 c5 2. Nf3 Nc6 3. d4 cxd4 4. Nxd4 g6 5. Nc3 Bg7 6. Be3 Nf6 7. Bc4 O-O 8. Bb3 Re8 9. f3 e6 10. Qd2 d5 11. Nxc6 bxc6 12. O-O-O Qc7 13. h4 h5 14. g4 Bb7 15. e5 Nd7 16. gxh5 Qxe5 17. hxg6 fxg6 18.
Rhg1 Qf5 19. Rg5 Qxf3 20. Rxg6 Ne5 21. Rg5 Nf7 22. Rg2 Kh8 23. Rdg1 Rg8 24. h5 e5 25. Rf2 Qxe3 26. Qxe3 Bh6 27. Rxg8+ Rxg8 28. Qxh6+ Nxh6 29. Rf6 Kh7 30. Rd6 Rg7 31. Na4 e4 32. Nc5 Bc8 33.
Ne6 Bxe6 34. Rxe6 Nf5 35. Rxc6 e3 36. Bxd5 Rg1# 0-1

[Event "*** SCC Grand Prix: Titled Tuesday Blitz"]
[Site "Chess.com"]
[Date "2020.07.07"]
[Round "6"]
[White "VladimirBugayev"]
[Black "Larina_Marija"]
[Result "1-0"]
[WhiteElo "2249"]
[BlackElo "2097"]
[TimeControl "180+1"]
[EndTime "11:05:46 PDT"]
[Termination "VladimirBugayev won by checkmate"]

1. e4 d5 2. exd5 Qxd5 3. Nc3 Qa5 4. b4 Qxb4 5. Rb1 Qd6 6. Nb5 Qd8 7. Nf3 c6 8. Nbd4 Nf6 9. Bc4 e6 10. O-O Bc5 11. Nb3 Be7 12. a4 O-O 13. d3 Nbd7 14. a5 Nc5 15. Nbd4 Qxa5 16. Bd2 Qc7 17. Ne2 b5 18. Ba2 a5 19. Ng3 b4 20. Re1 Bd6 21. d4 Na4 22. Ne5 Nd5 23. Qh5 Bxe5 24. dxe5 Nac3 25. Bxc3 Nxc3 26. Rb3 Nxa2 27. Ne4 f5 28. exf6 gxf6 29. Rg3+ Kh8 30. Qh6 Qf7 31. Nd6 Qe7 32. Nf5 Qf7 33. Nd6 Qd7 34. Qxf8# 1-0

[Event "*** SCC Grand Prix: Titled Tuesday Blitz"]
[Site "Chess.com"]
[Date "2020.07.07"]
[Round "6"]
[White "dodorox"]
[Black "kidagent"]
[Result "1-0"]
[WhiteElo "2087"]
[BlackElo "2222"]
[TimeControl "180+1"]
[EndTime "11:05:47 PDT"]
[Termination "dodorox won by resignation"]

1. d4 d5 2. c4 c6 3. Nf3 Nf6 4. Nc3 dxc4 5. a4 Bf5 6. Ne5 Nbd7 7. Nxc4 e6 8. f3 Bb4 9. e4 Bxe4 10. fxe4 Nxe4 11. Qd3 f5 12. Be2 O-O 13. O-O Ndf6 14. Bf4 a6 15. Rad1 b5 16. axb5 cxb5 17. Ne5 Rc8 18. Nxe4 Nxe4 19. Bf3 Qd5 20. Rc1 Rxc1 21. Rxc1 Rd8 22. Nc6 Bf8 23. Nxd8 Qxd8 24. Bxe4 fxe4 25. Qxe4 1-0

[Event "*** SCC Grand Prix: Titled Tuesday Blitz"]
[Site "Chess.com"]
[Date "2020.07.07"]
[Round "6"]
[White "RitvarsReimanis"]
[Black "boo786"]
[Result "1/2-1/2"]
[WhiteElo "2558"]
[BlackElo "2426"]
[TimeControl "180+1"]
[EndTime "11:05:48 PDT"]
[Termination "Game drawn by repetition"]

1. d4 Nf6 2. c4 e6 3. Nf3 Bb4+ 4. Bd2 Qe7 5. g3 Nc6 6. Bg2 Bxd2+ 7. Nbxd2 d6 8. e4 O-O 9. O-O a5 10. a3 a4 11. e5 dxe5 12. dxe5 Nd7 13. Qe2 Ra5 14. Rfe1 Ndxe5 15. b4 axb3 16. Nxb3 Nxf3+ 17. Bxf3 Re5 18. Qb2 Rxe1+ 19. Rxe1 Bd7 20. c5 Rd8 21. Qc3 Be8 22. Rb1 Ra8 23. Nd2 Ra7 24. h4 Qf6 25. Qxf6 gxf6 26.
Nc4 Kf8 27. Kg2 Ke7 28. g4 Ra4 29. Ne3 Nd4 30. Bxb7 Rxa3 31. Be4 h6 32. Rb7 Kd8 33.
Rb8+ Ke7 34. Rb7 Kd8 35. Rb8+ Ke7 36. Rb7 1/2-1/2

[Event "*** SCC Grand Prix: Titled Tuesday Blitz"]
[Site "Chess.com"]
[Date "2020.07.07"]
[Round "6"]
[White "ahachess"]
[Black "Keithonsky"]
[Result "1/2-1/2"]
[WhiteElo "2279"]
[BlackElo "2418"]
[TimeControl "180+1"]
[EndTime "11:05:48 PDT"]
[Termination "Game drawn by repetition"]

1. d4 Nf6 2. c4 e6 3. a3 d5 4.
Nf3 Be7 5. e3 O-O 6. Nc3 b6 7.
b4 Bb7 8. Bb2 Nbd7 9. c5 c6 10.
Bd3 Re8 11. O-O Bf8 12. Ne2 a5 13. Qc2 axb4 14. axb4 h6 15. Ne5 Nxe5 16. dxe5 Nd7 17. Bd4 bxc5 18. bxc5 Qc7 19. f4 Rxa1 20. Rxa1 Ra8 21.
Rxa8 Bxa8 22. Qa4 Qb7 23. Qa5 Qb8 24. Nc3 Bb7 25. Na4 Be7 26. Nb6 Qc7 27. Qb4 Nxb6 28. Qxb6 Qxb6 29. cxb6 c5 30. Bc3 c4 31. Bc2 Bc5 32.
Bd4 Bxd4 33. exd4 Kf8 34. Ba4 Ke7 35. g4 Kd8 36. Kf2 c3 37. Ke2 Ba6+ 38. Kd1 Bd3 39. Bc6 f6 40. h4 fxe5 41. fxe5 g5 42. hxg5 hxg5 43. Kc1 Be4 44. Bb5 Kc8 45. Bc6 Kb8 46. Kd1 Bf3+ 47. Kc2 Bxg4 48. Kxc3 Bf5 49. Kd2 g4 50.
Ke3 Be4 51. Kf4 Bf5 52. Kg3 Kc8 53. Kf4 Kb8 54. Kg3 Kc8 55. Kf4 Kb8 1/2-1/2

[Event "*** SCC Grand Prix: Titled Tuesday Blitz"]
[Site "Chess.com"]
[Date "2020.07.07"]
[Round "6"]
[White "chalowey97"]
[Black "Danfii"]
[Result "0-1"]
[WhiteElo "2111"]
[BlackElo "2345"]
[TimeControl "180+1"]
[EndTime "11:05:48 PDT"]
[Termination "Danfii won on time"]

1. d4 Nf6 2. Nf3 e6 3. e3 c5 4. Bd3 Nc6 5. b3 cxd4 6. exd4 d5 7. Bb2 g6 8. O-O Bg7 9. c4 O-O 10. Re1 b6 11. Nbd2 Bb7 12. a3 Rc8 13. Qc2 dxc4 14.
bxc4 Na5 15. Ne5 Nc6 16. Nef3 Na5 17. Ne5 Nd7 18. Nxd7 Qxd7 19. Ne4 Ba6 20. d5 exd5 21. Nf6+ Bxf6 22. Bxf6 Bxc4 23. Qd2 Rc6 24. Bxc4 Nxc4 25.
Qd4 Qf5 26. Bg7 Rd8 27. Bh6 f6 28. Re7 Rd7 29. Rae1 Rxe7 30. Rxe7 Qb1+ 0-1

[Event "*** SCC Grand Prix: Titled Tuesday Blitz"]
[Site "Chess.com"]
[Date "2020.07.07"]
[Round "6"]
[White "anesar92"]
[Black "Indianlad"]
[Result "0-1"]
[WhiteElo "2726"]
[BlackElo "2960"]
[TimeControl "180+1"]
[EndTime "11:05:51 PDT"]
[Termination "Indianlad won on time"]

1. e4 c5 2. Nf3 d6 3. d4 cxd4 4. Nxd4 Nf6 5. Nc3 a6 6. Bg5 Qa5 7. Qd2 Nc6 8. Nb3 Qc7 9. Nd5 Nxd5 10. exd5 Ne5 11. f4 Ng6 12. Bd3 h6 13. f5 Ne5 14. Bf4 Bd7 15. c4 g5 16. fxg6 Nxg6 17.
Bxg6 fxg6 18. Qd4 Rg8 19. c5 dxc5 20. Qe3 Qb6 21. O-O Bg7 22. Nxc5 Rc8 23. Rac1 Bxb2 24.
d6 e6 25. Nxd7 Qxe3+ 26. Bxe3 Kxd7 27. Rf7+ Kxd6 28. Rd1+ Kc6 29. Rd2 Bc3 30. Rc2 Kd5 31.
Kf2 Ke4 32. Rf4+ Kd3 33. Re2 Rgf8 0-1

[Event "*** SCC Grand Prix: Titled Tuesday Blitz"]
[Site "Chess.com"]
[Date "2020.07.07"]
[Round "6"]
[White "TigranMukhutdinov"]
[Black "Yoshikrov"]
[Result "1-0"]
[WhiteElo "2527"]
[BlackElo "2096"]
[TimeControl "180+1"]
[EndTime "11:05:51 PDT"]
[Termination "TigranMukhutdinov won by resignation"]

1. Nf3 d5 2. g3 Nf6 3. Bg2 g6 4. O-O Bg7 5. d4 O-O 6. c4 c5 7. dxc5 Nc6 8. cxd5 Nxd5 9. a3 a5 10. e4 Nc7 11. Qc2 Ne6 12. Be3 Ned4 13. Nxd4 Nxd4 14.
Qd1 Nc6 15. Nc3 Be6 16. Qa4 Qd3 17. Rfd1 Qc4 18. Qxc4 Bxc4 19. Rac1 Rfd8 20. Rxd8+ Rxd8 21. Bf1 Bxf1 22. Kxf1 e6 23. Ke2 Nd4+ 24. Bxd4 Rxd4 25. Rd1 Kf8 26. Rxd4 Bxd4 27. Na4 Ke7 28. f3 e5 29. Kd3 Kd7 30. Kc4 Kc6 31. b4 axb4 32.
axb4 Bg1 33. h3 Bf2 34. g4 h5 35. b5+ Kc7 36. Kd5 Bg3 37. Nb2 hxg4 38. hxg4 b6 39.
c6 f6 40. Nc4 Bf4 41. Nd6 Bg5 42. Ke6 Bh4 43. Ne8+ Kd8 44. Nxf6 1-0

[Event "*** SCC Grand Prix: Titled Tuesday Blitz"]
[Site "Chess.com"]
[Date "2020.07.07"]
[Round "6"]
[White "MFBerna"]
[Black "PIwan"]
[Result "1-0"]
[WhiteElo "2398"]
[BlackElo "2503"]
[TimeControl "180+1"]
[EndTime "11:05:51 PDT"]
[Termination "MFBerna won by resignation"]

1. e4 e6 2. d4 d5 3. Nd2 Be7 4. Ngf3 Nf6 5. Bd3 c5 6. exd5 Qxd5 7. dxc5 Nbd7 8. O-O Nxc5 9. Bb5+ Bd7 10. Qe2 O-O 11. Bxd7 Qxd7 12. Ne5 Qc7 13. Ndf3 Nd5 14. Bd2 f6 15.
Nd3 Nxd3 16. Qxe6+ Kh8 17. cxd3 Rad8 18. Rac1 Qb8 19. Rfe1 Bd6 20. g3 Bb4 21. Rcd1 b6 22. Qf5 Qb7 23. Nd4 Bxd2 24. Rxd2 Ne7 25. Qe4 Qxe4 26. Rxe4 Nd5 27. Ne6 f5 28. Re5 Rfe8 29. Nxd8 Rxe5 30. Nf7+ Kg8 31. Nxe5 1-0

[Event "*** SCC Grand Prix: Titled Tuesday Blitz"]
[Site "Chess.com"]
[Date "2020.07.07"]
[Round "6"]
[White "KingCrusher275"]
[Black "snap_man"]
[Result "0-1"]
[WhiteElo "2423"]
[BlackElo "2304"]
[TimeControl "180+1"]
[EndTime "11:05:51 PDT"]
[Termination "snap_man won by resignation"]

1. d4 d5 2. c4 c6 3. Nf3 Nf6 4. e3 e6 5. Nc3 dxc4 6. Bxc4 b5 7.
Be2 Bb7 8. e4 a6 9. O-O c5 10.
e5 Nd5 11. Ne4 Nd7 12. a4 Qb6 13. Qb3 c4 14. Qa2 Nb4 15. Qb1 Be7 16. Bg5 f6 17. exf6 gxf6 18. Be3 Nd5 19. axb5 axb5 20. Rxa8+ Bxa8 21. Ng3 f5 22. Nh5 Rg8 23. Nf4 Nxe3 24. fxe3 Bd6 25.
Nxe6 Bxh2+ 26. Kxh2 Qxe6 27. Nh4 Qh6 28. g3 Qxe3 29.
Ng2 Qxg3+ 0-1

[Event "*** SCC Grand Prix: Titled Tuesday Blitz"]
[Site "Chess.com"]
[Date "2020.07.07"]
[Round "6"]
[White "Alexander_Zubov"]
[Black "Thipsay"]
[Result "1-0"]
[WhiteElo "2933"]
[BlackElo "2524"]
[TimeControl "180+1"]
[EndTime "11:05:52 PDT"]
[Termination "Alexander_Zubov won on time"]

1. d4 Nf6 2. Nf3 g6 3. c4 Bg7 4.
Nc3 d6 5. Bg5 O-O 6. e3 a6 7.
Be2 Nbd7 8. Qc2 e5 9. O-O h6 10. Bh4 Qe8 11. Rfe1 c6 12. b4 e4 13. Nd2 d5 14. a4 Qe6 15. b5 axb5 16. axb5 Rxa1 17. Rxa1 Nh7 18. bxc6 bxc6 19. cxd5 cxd5 20. Qb3 Ndf6 21. Ra5 Rd8 22. Qb8 Bf8 23. Bg3 Nd7 24. Qc7 Qb6 25. Qxb6 Nxb6 26. Bc7 Bb4 27. Bxb6 Bxa5 28. Bxa5 Rd7 29.
h4 Nf6 30. Nb3 Rb7 31. Nc5 Rb2 32. Bd8 Ng4 33. Bxg4 Bxg4 34. Nxd5 1-0

[Event "*** SCC Grand Prix: Titled Tuesday Blitz"]
[Site "Chess.com"]
[Date "2020.07.07"]
[Round "6"]
[White "ViktoriyaTarasova"]
[Black "Lucas_Tomiello"]
[Result "0-1"]
[WhiteElo "2241"]
[BlackElo "2416"]
[TimeControl "180+1"]
[EndTime "11:05:53 PDT"]
[Termination "Lucas_Tomiello won by resignation"]

1. d4 Nf6 2. c4 g6 3. Nc3 d5 4. cxd5 Nxd5 5. g3 Bg7 6. Bg2 Nxc3 7. bxc3 O-O 8. e3 c5 9. Ne2 Qa5 10. O-O Nc6 11. d5 Ne5 12. Qb3 Qa6 13. Nf4 Rb8 14. Rd1 Bd7 15. a4 Qc4 16. Qxc4 Nxc4 17. Bf1 Nd6 18. Ra3 a6 19. c4 b5 20. axb5 axb5 21.
Ra7 Rfd8 22. cxb5 c4 23. Rc7 Bxb5 24. Bd2 Rdc8 25. Rxc8+ Rxc8 26. Bb4 c3 27. Bxd6 Bxf1 28. Kxf1 exd6 29. Nd3 Rb8 30. Ke2 Kf8 31. Rc1 Ke7 32. Kd1 Ra8 33. Rc2 Ra1+ 34. Ke2 g5 35. e4 Bd4 36. f4 g4 37. e5 Rh1 38. exd6+ Kxd6 39. Ne5 Rxh2+ 40. Kd3 Rxc2 41. Nxf7+ Ke7 42. d6+ Kxf7 43.
Kxc2 Ke6 0-1

[Event "*** SCC Grand Prix: Titled Tuesday Blitz"]
[Site "Chess.com"]
[Date "2020.07.07"]
[Round "6"]
[White "mbojan"]
[Black "xberli"]
[Result "1-0"]
[WhiteElo "2546"]
[BlackElo "2309"]
[TimeControl "180+1"]
[EndTime "11:05:54 PDT"]
[Termination "mbojan won by checkmate"]

1. e4 c5 2. Nf3 d6 3. d4 cxd4 4.
Nxd4 Nf6 5. Nc3 a6 6. Bg5 Nbd7 7.
Qe2 h6 8. Bh4 g6 9. f4 e5 10.
fxe5 dxe5 11. O-O-O Qc7 12. Nb3 b5 13. Nd5 Nxd5 14.
exd5 Bd6 15. Qd2 Kf8 16. Kb1 Bb7 17. Bd3 Kg7 18. Rhf1 a5 19. Bxb5 a4 20. Bxd7 axb3 21. Bf6+ Kh7 22. Bc6 bxa2+ 23. Ka1 Rhf8 24. Rf3 h5 25. g4 e4 26. Rc3 Bb4 27. gxh5 Bxc3 28. Qxc3 Bxc6 29. hxg6+ Kxg6 30. Rg1+ Kf5 31. Qh3+ Kxf6 32.
Qh4+ Kf5 33. Qg5# 1-0

[Event "*** SCC Grand Prix: Titled Tuesday Blitz"]
[Site "Chess.com"]
[Date "2020.07.07"]
[Round "6"]
[White "TokChess"]
[Black "FLamps8"]
[Result "1-0"]
[WhiteElo "2429"]
[BlackElo "2570"]
[TimeControl "180+1"]
[EndTime "11:05:55 PDT"]
[Termination "TokChess won by resignation"]

1. Nf3 Nf6 2. g3 b5 3. Bg2 Bb7 4. O-O e6 5. d4 c5 6. c3 Na6 7.
Bg5 Be7 8. Nbd2 O-O 9. Qc2 Rc8 10. Bxf6 Bxf6 11. Ng5 Bxg5 12. Bxb7 Rb8 13. Bxa6 Qb6 14. Ne4 Be7 15. Nxc5 Bxc5 16. dxc5 Qxa6 17. Rfd1 b4 18. cxb4 Rxb4 19. Rxd7 Rc8 20. a3 Rb5 21. b4 Rxb4 22.
axb4 Qxa1+ 23. Kg2 Qa3 24. Qd3 Qxd3 25. exd3 a5 26. c6 Kf8 27. b5 a4 28. Ra7 Rb8 29. Rxa4 Ke7 30. Ra7+ Kd6 31. Rxf7 Rxb5 32. c7 Rc5 33.
Rxg7 h5 34. h4 Ke5 35. Rg5+ 1-0

[Event "*** SCC Grand Prix: Titled Tuesday Blitz"]
[Site "Chess.com"]
[Date "2020.07.07"]
[Round "6"]
[White "ferdipy"]
[Black "Sharpchess22"]
[Result "0-1"]
[WhiteElo "2369"]
[BlackElo "2692"]
[TimeControl "180+1"]
[EndTime "11:05:55 PDT"]
[Termination "Sharpchess22 won on time"]

1. e4 c6 2. d4 d5 3. exd5 cxd5 4.
Bd3 Nc6 5. c3 Qc7 6. h3 g6 7.
Nf3 Bg7 8. O-O Nh6 9. Re1 Bf5 10. Bxh6 Bxh6 11. Bxf5 gxf5 12. Ne5 Nxe5 13. Rxe5 e6 14. Nd2 Bf4 15. Re1 O-O-O 16. Nf3 Kb8 17. Nh4 h5 18.
Qd3 Rdg8 19. Kh1 Rg7 20. Qf3 Bg5 21. Qg3 f4 22. Qf3 Bxh4 23. Re2 Be7 24. b3 h4 25. c4 dxc4 26. bxc4 Qxc4 27. Qxf4+ Qc7 28. Qf3 Rhg8 29. Rg1 Qc6 30. d5 Qd6 31. Qe4 Bd8 32. dxe6 fxe6 33. Rb2 Bb6 34. a4 Bd4 35. Re2 e5 36.
Qxh4 Qc6 37. Qe4 Qxa4 38. Rb1 Qa6 39. f4 Re7 40. fxe5 Rxe5 41. Qh7 Rc8 42. Rxe5 Bxe5 43. Qe4 Bc7 44. h4 Rh8 45. g3 Ka8 46. Kg2 Rg8 47. Rb3 Qa2+ 48. Kh3 Qxb3 0-1

[Event "*** SCC Grand Prix: Titled Tuesday Blitz"]
[Site "Chess.com"]
[Date "2020.07.07"]
[Round "6"]
[White "Mykola-Bortnyk"]
[Black "Revnov"]
[Result "1-0"]
[WhiteElo "2850"]
[BlackElo "2684"]
[TimeControl "180+1"]
[EndTime "11:05:56 PDT"]
[Termination "Mykola-Bortnyk won on time"]

1. e4 c5 2. c3 Nf6 3. e5 Nd5 4. Bc4 Nb6 5. Bb3 Nc6 6. Nf3 g6 7.
d4 cxd4 8. cxd4 Bg7 9. Bf4 d6 10.
exd6 O-O 11. d5 Na5 12. O-O exd6 13. Nc3 Nxb3 14. Qxb3 Bg4 15. Nd2 g5 16. Be3 f5 17.
Rfe1 Nd7 18. Qb4 a5 19. Qa4 f4 20. Bd4 Ne5 21. f3 Bd7 22. Qd1 b5 23. Nde4 Be8 24.
a4 bxa4 25. Nxa4 Rb8 26. h3 h5 27. Nf2 Rb4 28. Bc3 Rc4 29. b3 Rxc3 30. Nxc3 g4 31. Nce4 gxf3 32. gxf3 Bd7 33. Kh2 Kh7 34. Rg1 Bh6 35.
Rc1 Rf7 36. Nxd6 Qh4 37. Qc2+ Kh8 38. Nxf7+ Nxf7 39. Qg6 1-0

[Event "*** SCC Grand Prix: Titled Tuesday Blitz"]
[Site "Chess.com"]
[Date "2020.07.07"]
[Round "6"]
[White "pastouche06"]
[Black "chargemax23"]
[Result "1-0"]
[WhiteElo "2510"]
[BlackElo "2677"]
[TimeControl "180+1"]
[EndTime "11:05:56 PDT"]
[Termination "pastouche06 won by resignation"]

1. d4 Nf6 2. c4 d6 3. Nc3 Bf5 4. f3 e5 5. d5 e4 6. Qd4 c5 7. Qe3 Qe7 8. g4 Bg6 9. g5 Nfd7 10. Nxe4 Bxe4 11. Qxe4 Qxe4 12. fxe4 Ne5 13. b3 Nbd7 14.
h4 Be7 15. Nf3 O-O-O 16. Bh3 Kc7 17. Bb2 f6 18. Rg1 Ng6 19. h5 Nf4 20. Bxd7 Rxd7 21. h6 fxg5 22. hxg7 Rg8 23. Nxg5 Bxg5 24. Rxg5 Re7 25.
e5 dxe5 26. Bxe5+ Kd7 27. Bxf4 Rexg7 28. Rxg7+ Rxg7 29. Kf2 Rf7 30. Kf3 1-0